 Dungeon Crawl Stone Soup version 0.21-a0-273-g0785366 (webtiles) character file.

119 vishdafish the Skirmisher (level 4, -3/37 HPs)
             Began as a Demonspawn Fighter on Sept 16, 2017.
             Killed by divine providence
             ... invoked by an orc priest
              (10 damage)
             ... on level 3 of the Dungeon.
             The game lasted 00:02:38 (1658 turns).

vishdafish the Skirmisher (Demonspawn Fighter)      Turns: 1658, Time: 00:02:39

Health: -3/37      AC:  8    Str: 17    XL:     4   Next: 74%
Magic:  4/4        EV:  7    Int:  9    God:
Gold:   114        SH:  9    Dex: 13    Spells: 3/3 levels left

rFire    . . .     SeeInvis .   a - +0 long sword
rCold    . . .     Gourm    .   c - +0 shield
rNeg     . . .     Faith    .   b - +0 scale mail
rPois    .         Spirit   .   (no helmet)
rElec    .         Reflect  .   (no cloak)
rCorr    .         Harm     .   (no gloves)
MR       .....                  (no boots)
Stlth    ..........             (no amulet)
HPRegen  0.12/turn              g - ring of flight
MPRegen  0.09/turn              (no ring)

@: no status effects
A: thin metallic scales 1
a: Evoke Flight


You were on level 3 of the Dungeon.
You were hungry.

You visited 1 branch of the dungeon, and saw 3 of its levels.

You collected 114 gold pieces.

Inventory:

Hand Weapons
 a - a +0 long sword (weapon)
Missiles
 j - 7 tomahawks of returning (quivered)
Armour
 b - a +0 scale mail (worn)
 c - a +0 shield (worn)
Jewellery
 g - a ring of flight (left hand)
Scrolls
 e - a scroll of enchant armour {unknown}
 h - 2 scrolls of identify {unknown}
 i - a scroll of immolation {unknown}
 l - a scroll of remove curse {unknown}
 m - a scroll of amnesia {unknown}
 n - a scroll of enchant weapon {unknown}
 o - 3 scrolls of magic mapping {unknown}
 p - a scroll of fog {unknown}
 q - a scroll of teleportation {unknown}
Potions
 d - a potion of might
Comestibles
 f - 3 bread rations
 k - 2 fruits


   Skills:
 + Level 3.8 Fighting
 * Level 2.8 Long Blades
 + Level 3.2 Armour
 * Level 0.8 Dodging
 + Level 3.2 Shields


You had 3 spell levels left.
You didn't know any spells.

Dungeon Overview and Level Annotations

Branches:
Dungeon (3/15)

Altars:
Vehumet


Innate Abilities, Weirdness & Mutations

You are partially covered in thin metallic scales. (AC +2)


Message History

An orc priest comes into view. It is wielding a club.
The orc priest shouts!
You hear a shout!
You block the orc's attack.
You hit the orc.
The orc is moderately wounded.
The orc priest casts a cantrip, but nothing happens.
You hit the orc.
The orc is heavily wounded.
You block the orc's attack.
The orc priest calls down the wrath of Beogh upon you.
Beogh smites you! The orc hits you but does no damage.
The orc barely misses you.
You riposte.
You hit the orc but do no damage. The orc hits you but does no damage.
The orc priest casts a cantrip, but nothing happens.
The orc priest invokes the aid of Beogh against you.
Beogh smites you!
* * * LOW HITPOINT WARNING * * *
The orc priest invokes the aid of Beogh against you.
Beogh smites you!
You die...

###.........#
#.........#
#.........#
#..#..#...#########
#..#..#............
#..#..#..<.##.....#
# >..#.......###.
.#. #....#..#
#..@....# #..oo..##
#.o..### #....#
#....# #?...#
#...o# .....#
......#


You could see an orc priest and 3 orcs.

Vanquished Creatures
  6 adders
  2 worms (D:2)
  2 dart slugs
  2 leopard geckos (D:1)
  An orc (D:3)
  2 ball pythons
  9 bats
  2 giant cockroaches (D:2)
  7 goblins
  4 hobgoblins
  2 jackals (D:3)
  4 kobolds
  A quokka (D:3)
  3 frilled lizards
  8 rats
55 creatures vanquished.

Notes
Turn   | Place    | Note
-------+----------+-------------------------------------------
     0 | D:1      | vishdafish the Demonspawn Fighter began the quest for the Orb.
     0 | D:1      | Reached XP level 1. HP: 18/18 MP: 1/1
   195 | D:1      | Gained mutation: You are partially covered in thin metallic scales. (AC +2) [demonic ancestry]
   195 | D:1      | Reached XP level 2. HP: 19/24 MP: 2/2
   708 | D:2      | Reached XP level 3. HP: 29/29 MP: 3/3
   929 | D:2      | Found a radiant altar of Vehumet.
  1084 | D:2      | Reached XP level 4. HP: 37/37 MP: 4/4
  1658 | D:3      | Killed from afar by an orc priest

Vault maps used:
D:1:      minmay_arrival_plants_in_alcoves, minmay_tripent
D:2:      fiery_altar_vehumet, mrwooster_statue_mirror, minivault_11
D:3:      first_bread, grunt_dithmenos_smoke

Skill      XL: |  1  2  3 |
---------------+----------+-----
Long Blades    | 2 |  2.8
Armour         | 3 |  3.2
Shields        | 3 |  3.2
Fighting       | |  3.8
Dodging        | |  0.8

Action                   |  1- 3 |  4- 6 || total
-------------------------+-------+-------++-------
Melee: Long sword        |   106 |    64 ||   170
  Eat: Chunk             |       |     2 ||     2
Armor: Scale mail        |    67 |    34 ||   101
Dodge: Dodged            |    43 |    26 ||    69
Block: Shield            |    51 |    46 ||    97
       Rpst.: Long sword |    20 |    14 ||    34

Table legend:
 A = Spawn XP
 B = Non-spawn XP
 C = Spawn XP percentage of total XP
 D = Spawn monster count
 E = Non-spawn monster count
 F = Spawn count percentage of total count
 G = Total turns spent on level
                    A         B        C        D         E        F      G
               +---------+---------+-------+---------+---------+-------+---------
         Total |       0 |     171 |   0.0 |       0 |      55 |   0.0 |  1658
               +---------+---------+-------+---------+---------+-------+---------
           D:1 |       0 |      34 |   0.0 |       0 |      19 |   0.0 |   676
           D:2 |       0 |     112 |   0.0 |       0 |      29 |   0.0 |   768
           D:3 |       0 |      25 |   0.0 |       0 |       7 |   0.0 |   214
               +---------+---------+-------+---------+---------+-------+---------
